Map: Overgrown Facility

Players

Adnap

  • Race: Terran Terran
  • League: Master
  • Spawn Location: 1:00

isaac

  • Race: Zerg Zerg
  • League: Master
  • Spawn Location: 3:00

Weon - Winner!

  • Race: Protoss Protoss
  • Spawn Location: 9:00

PureLegacy - Winner!

  • Race: Terran Terran
  • Spawn Location: 7:00

VOD

Have the link to the VOD?

Description

Time

  • Played on: Nov. 23, 2018, 4:04 p.m.
  • Length: 14:01
Show
View Real Time Build Order
Export as new Build Order

Adnap Terran 

Build Orders:  

Get SALT Encoding   

  12  0:06  SCV  
  13  0:13  Supply Depot  
  13  0:19  SCV  
  14  0:27  Refinery  
  14  0:31  SCV  
  15  0:46  Barracks  
  15  0:49  SCV  
  16  1:01  SCV  
  16  1:02  Refinery  
  17  1:15  SCV  
  18  1:27  SCV  
  19  1:36  Reaper  
  20  1:46  Factory  
  20  1:52  Supply Depot  
  20  2:08  Reaper  
  21  2:25  Orbital Command  
  21  2:33  Hellion  
  23  2:40  Supply Depot  
  23  2:42  Barracks Reactor  
  23  2:54  Hellion  
  25  2:59  SCV  
  26  3:20  SCV  
  27  3:32  SCV  
  28  3:36  Hellion x2  
  32  3:56  SCV  
  32  4:00  Command Center  
  32  4:01  Hellion x2  
  37  4:06  Supply Depot  
  37  4:10  Barracks Tech Lab  
  37  4:14  Starport  
  31  4:22  Hellion x2  
  31  4:24  SCV  
  36  4:36  SCV  
  37  4:48  Hellion x2, SCV  
  42  5:04  SCV  
  41  5:13  Cloaking Field  
  41  5:14  Banshee  
  38  5:26  Widow Mine x2  
  38  5:27  Orbital Command  
  38  5:28  SCV  
  43  5:36  Engineering Bay  
  43  5:38  Barracks Tech Lab  
  43  5:40  SCV  
  44  5:47  Widow Mine  
  44  5:48  Widow Mine  
  48  5:52  SCV  
  48  5:56  SCV  
  50  6:02  Missile Turret  
  51  6:04  Missile Turret, SCV  
  51  6:05  Banshee  
  51  6:09  SCV  
  53  6:15  Marine  
  53  6:16  Stimpack, SCV  
  51  6:21  SCV  
  51  6:22  Widow Mine  
  51  6:23  Widow Mine  
  56  6:28  SCV  
  57  6:33  SCV  
  57  6:39  Marine  
  53  6:40  SCV  
  53  6:44  Widow Mine x2  
  53  6:45  SCV  
  53  6:46  Barracks  
  60  6:47  Barracks  
  60  6:52  SCV  
  61  6:57  SCV  
  62  7:04  Starport Reactor  
  62  7:14  SCV x2  
  62  7:15  Marine  
  62  7:27  Terran Infantry Weapons Level 1  
  62  7:28  Barracks  
  62  7:29  Refinery, Factory Tech Lab, Barracks, Engineering Bay  
  62  7:31  SCV x2  
  62  7:33  Marine  
  62  7:36  Refinery  
  62  7:47  Combat Shield  
  62  7:51  Supply Depot, Marine x4  
  62  7:52  SCV, Siege Tank  
  70  8:01  Terran Infantry Armor Level 1  
  70  8:04  Supply Depot  
  70  8:05  Medivac x2, SCV x2  
  76  8:09  Marine x2  
  78  8:13  Marine x2  
  78  8:17  Barracks Reactor x2  
  78  8:18  SCV  
  81  8:21  SCV  
  82  8:27  Marine x2  
  82  8:30  Marine x2  
  82  8:31  Supply Depot  
  82  8:32  Supply Depot  
  84  8:40  Medivac x2  
  86  8:45  Marine, Siege Tank  
  90  8:49  Marine  
  90  8:50  Marine  
  90  8:55  Marine x4  
  95  8:58  Marine  
  97  9:03  Marine  
  97  9:06  Marine  
  97  9:07  Marine  
  100  9:12  Marine  
  100  9:13  Marine  
  100  9:14  Medivac x2  
  106  9:22  Armory  
  106  9:24  Marine x3  
  106  9:29  Marine  
  110  9:37  Supply Depot  
  110  9:41  Supply Depot  
  110  9:43  Marine x2  
  110  9:44  Marine x2  
  100  9:58  Marine x2  
  100  9:59  Marine x2  
  88  10:01  Marine x2  
  88  10:02  Marine x2  
  74  10:11  Siege Tank  
  71  10:16  Marine x2  
  71  10:17  Marine x2  
  71  10:19  Marine x2  
  71  10:21  Marine x2  
  79  10:29  Medivac  
  79  10:30  Medivac  
  79  10:34  Marine x2  
  79  10:35  Marine x2  
  87  10:37  Marine x2  
  87  10:39  Marine  
  89  10:47  Marine  
  89  10:49  Siege Tank  
  93  10:51  Marine x2  
  93  10:52  Marine x2  
  93  10:54  Marine  
  98  10:58  Marine x2  
  98  11:00  Terran Infantry Weapons Level 2  
  100  11:04  Terran Infantry Armor Level 2  
  100  11:06  Marine  
  100  11:09  Marine  
  102  11:12  Marine  
  102  11:13  Marine x3  
  105  11:24  Marine x2  
  107  11:28  Marine  
  107  11:29  Marine  
  107  11:30  Marine x2  
  107  11:31  Marine x2  
  113  11:42  Marine x2  
  115  11:48  Command Center  
  115  11:53  Marine x2  
  115  11:54  Marine  
  95  12:17  Marine x3  
  95  12:18  Marine x4  
  95  12:19  Marine  
  87  12:35  Marine x4  
  87  12:36  Marine x4  
  85  12:51  Siege Tank  
  85  12:53  Marine x5  
  85  12:54  Marine x3  
  90  13:10  Marine  
  90  13:11  Marine x5  
  90  13:12  Marine x2  
  90  13:18  Orbital Command  
  88  13:27  Siege Tank  
  88  13:28  Marine x2  
  88  13:29  Marine x4  
  88  13:30  Marine x2  
Show
View Real Time Build Order
Export as new Build Order

isaac Zerg 

Build Orders: Hatch First 

Get SALT Encoding   

  12  0:03  Drone  
  13  0:13  Overlord  
  13  0:17  Drone  
  14  0:26  Drone, Extractor  
  15  0:31  Drone  
  15  0:35  Drone  
  17  0:49  Drone  
  18  0:59  Hatchery  
  17  1:10  Extractor  
  16  1:14  Spawning Pool  
  16  1:17  Drone  
  16  1:20  Drone  
  16  1:24  Drone  
  18  1:29  Drone  
  19  1:39  Overlord  
  19  2:03  Queen, Zergling x2  
  19  2:05  Drone  
  23  2:12  Zergling x2  
  24  2:18  Metabolic Boost  
  24  2:25  Zergling x2  
  24  2:26  Drone  
  26  2:36  Drone x3  
  28  2:39  Queen  
  30  2:46  Zergling x2  
  31  3:01  Zergling x2  
  31  3:02  Zergling x2  
  32  3:11  Zergling x6  
  33  3:15  Queen  
  33  3:17  Baneling Nest  
  34  3:24  Zergling x2  
  34  3:26  Overlord  
  34  3:27  Overlord  
  31  3:56  Drone x4  
  31  4:01  Zergling x8  
  31  4:02  Queen, Zergling x2  
  42  4:23  Drone, Zergling x4  
  42  4:24  Drone  
  46  4:25  Spore Crawler  
  46  4:27  Spore Crawler  
  46  4:28  Drone  
  45  4:32  Queen  
  45  4:37  Zergling x4  
  49  4:42  Overlord  
  49  4:43  Drone x2  
  51  4:51  Zergling x2  
  49  5:12  Zergling x6  
  49  5:13  Zergling x10  
  57  5:16  Zergling x2  
  57  5:19  Zergling x2  
  55  5:25  Zergling x2  
  54  5:31  Zergling x2  
  54  5:39  Drone  
  55  5:43  Spore Crawler  
  55  5:44  Spore Crawler  
  55  5:46  Spore Crawler  
  55  5:47  Drone, Hatchery  
  55  5:48  Drone x3  
  55  5:51  Drone  
  56  5:57  Zergling x6  
  56  5:58  Evolution Chamber x2, Zergling x2  
  58  6:11  Zergling x4  
  58  6:12  Overlord  
  58  6:13  Overlord  
  58  6:16  Baneling x4  
  58  6:17  Baneling  
  48  6:58  Zergling x16  
  52  7:03  Zergling x2  
  52  7:07  Zerg Melee Weapons Level 1, Zerg Ground Armor Level 1  
  50  7:11  Baneling x2  
  50  7:12  Drone x2, Baneling  
  50  7:13  Drone  
  50  7:14  Extractor  
  52  7:23  Drone x2  
  52  7:24  Drone  
  55  7:31  Zergling x2  
  55  7:32  Zergling x4  
  55  7:36  Drone  
  55  7:37  Drone x2  
  60  7:39  Zergling x4  
  60  7:40  Drone  
  60  7:42  Spore Crawler  
  63  7:57  Spore Crawler, Drone x4  
  66  8:07  Zergling x2  
  66  8:08  Zergling x18  
  76  8:27  Zergling x2  
  76  8:28  Zergling x14  
  82  8:34  Spore Crawler x2  
  80  8:41  Queen  
  80  8:43  Lair, Overlord  
  80  8:44  Overlord x3  
  82  8:50  Queen  
  73  8:57  Zergling x2  
  73  8:58  Zergling x6  
  73  9:01  Baneling x4  
  73  9:02  Baneling x5  
  77  9:04  Zergling x10  
  82  9:21  Drone x5  
  87  9:32  Zergling x8  
  87  9:34  Zergling x2  
  87  9:35  Baneling x2  
  87  9:36  Baneling x3  
  87  9:37  Zergling x4  
  87  9:38  Zergling x2  
  95  9:39  Zergling x4  
  95  9:40  Zergling x4  
  97  9:50  Zergling x2  
  97  9:51  Zergling x4  
  74  9:53  Zergling x2  
  74  9:56  Zergling x2  
  74  9:59  Zerg Ground Armor Level 2  
  74  10:03  Zergling x2  
  74  10:06  Baneling x2  
  73  10:08  Extractor  
  73  10:09  Zergling x4, Extractor  
  73  10:11  Drone x3  
  73  10:12  Drone  
  77  10:14  Drone  
  77  10:15  Drone  
  79  10:25  Drone, Zergling x6  
  79  10:26  Drone, Hatchery  
  83  10:31  Baneling  
  83  10:37  Zerg Melee Weapons Level 2  
  83  10:39  Zergling x8  
  83  10:40  Drone x2  
  83  10:41  Drone  
  83  10:42  Drone  
  91  10:44  Drone x2  
  91  10:45  Drone  
  91  10:48  Extractor  
  91  10:49  Drone  
  95  10:50  Drone, Extractor  
  95  10:57  Drone x3  
  96  10:59  Drone  
  96  11:00  Drone  
  99  11:12  Drone x3  
  99  11:18  Zergling x4  
  100  11:20  Zergling x6  
  100  11:21  Zergling x4  
  100  11:22  Zergling x2  
  100  11:23  Zergling x4  
  108  11:26  Centrifical Hooks  
  100  11:36  Hydralisk Den, Zergling x8  
  100  11:39  Baneling x5  
  103  11:40  Baneling, Zergling x4  
  103  11:46  Drone  
  103  11:47  Drone  
  107  11:58  Baneling x2  
  107  11:59  Zergling x24  
  107  12:01  Overlord  
  119  12:04  Spore Crawler  
  119  12:06  Spore Crawler  
  117  12:15  Zergling x6  
  120  12:16  Overlord x2  
  120  12:22  Hydralisk x2, Grooved Spines  
  120  12:24  Hydralisk  
  120  12:26  Hydralisk  
  91  12:38  Zergling x14  
  91  12:39  Zergling x2  
  91  12:44  Zergling x2  
  95  12:48  Zergling x6  
  95  12:49  Zergling x2  
  95  12:51  Zergling x4  
  94  12:54  Zergling x2  
  93  12:58  Zergling x2  
  92  13:08  Zergling x2  
  92  13:12  Zergling x6  
  77  13:27  Baneling  
  77  13:28  Baneling  
  77  13:29  Zergling x6  
  77  13:30  Zergling x24  
  77  13:31  Hatchery  
  77  13:32  Baneling x3  
  77  13:33  Baneling  
  91  13:37  Baneling x2  
  91  13:38  Baneling  
  91  13:41  Infestation Pit  
Show
View Real Time Build Order
Export as new Build Order

Weon Protoss - Winner!

Build Orders: Cannon Rush, Double Forge, Phoenix Opening, Carriers 

Get SALT Encoding   

  12  0:02  Probe  
  13  0:14  Probe  
  13  0:18  Pylon  
  14  0:27  Probe  
  15  0:36  Forge  
  15  0:39  Probe  
  16  0:51  Probe  
  17  1:01  Pylon  
  17  1:04  Probe  
  18  1:16  Probe  
  19  1:21  Photon Cannon  
  19  1:28  Probe  
  20  1:34  Gateway  
  20  1:36  Photon Cannon  
  20  1:45  Pylon  
  21  1:47  Probe  
  21  1:54  Photon Cannon  
  21  1:56  Photon Cannon  
  21  2:01  Probe  
  22  2:13  Assimilator, Probe  
  22  2:18  Assimilator  
  22  2:22  Zealot  
  22  2:23  Photon Cannon  
  22  2:25  Probe  
  22  2:27  Cybernetics Core  
  23  2:31  Pylon  
  25  2:38  Probe  
  26  2:50  Probe  
  27  2:52  Pylon  
  27  3:02  Probe  
  28  3:13  Stargate  
  28  3:16  Probe  
  29  3:26  Nexus  
  29  3:30  Probe  
  29  3:34  Adept  
  32  3:42  Probe  
  33  3:48  Phoenix  
  33  3:54  Probe  
  34  4:02  Forge  
  36  4:06  Probe  
  36  4:09  Phoenix  
  37  4:16  Pylon  
  39  4:18  Probe  
  40  4:29  Phoenix  
  40  4:32  Assimilator  
  40  4:34  Probe  
  43  4:39  Probe  
  44  4:46  Probe  
  44  4:48  Pylon  
  44  4:51  Probe  
  44  4:52  Phoenix  
  46  4:58  Probe  
  49  5:17  Phoenix  
  49  5:27  Probe  
  48  5:35  Pylon  
  48  5:36  Probe  
  48  5:40  Probe  
  48  5:42  Phoenix  
  52  5:43  Assimilator  
  52  5:44  Photon Cannon  
  52  5:48  Probe  
  53  5:52  Probe  
  53  5:55  Stargate  
  54  6:01  Probe  
  55  6:04  Probe  
  55  6:07  Phoenix  
  58  6:13  Probe  
  59  6:21  Probe  
  59  6:24  Nexus  
  59  6:25  Probe  
  61  6:30  Pylon  
  59  6:34  Phoenix  
  56  6:45  Probe  
  54  6:47  Probe  
  51  6:55  Phoenix  
  49  7:05  Photon Cannon, Probe  
  48  7:13  Probe  
  47  7:17  Probe  
  48  7:28  Photon Cannon  
  48  7:31  Probe x2  
  50  7:39  Probe  
  50  7:40  Probe  
  52  7:45  Probe  
  52  7:47  Probe  
  52  7:48  Probe  
  53  7:53  Probe  
  56  7:58  Probe  
  57  8:07  Fleet Beacon  
  57  8:09  Probe x2, Stargate  
  57  8:13  Probe  
  57  8:17  Probe  
  57  8:18  Probe  
  60  8:25  Probe  
  63  8:37  Probe  
  63  8:38  Carrier  
  63  8:40  Probe  
  63  8:41  Probe  
  66  8:43  Assimilator  
  66  8:45  Assimilator, Probe  
  66  8:48  Pylon  
  66  8:53  Probe x2  
  66  8:54  Carrier  
  75  9:06  Probe  
  82  9:10  Photon Cannon  
  82  9:14  Carrier  
  82  9:20  Pylon  
  82  9:22  Probe x2  
  84  9:27  Probe  
  84  9:30  Carrier  
  97  9:56  Protoss Air Weapons Level 1  
  97  9:57  Carrier  
  103  10:04  Carrier  
  103  10:14  Probe  
  110  10:22  Pylon  
  110  10:25  Pylon  
  110  10:27  Probe x2  
  110  10:28  Probe  
  113  10:31  Carrier  
  113  10:35  Pylon  
  117  10:51  Nexus  
  117  10:52  Carrier  
  117  10:54  Pylon  
  117  10:57  Pylon  
  117  11:02  Stargate  
  123  11:14  Carrier  
  123  11:16  Cybernetics Core  
  123  11:17  Pylon  
  129  11:22  Photon Cannon, Shield Battery  
  129  11:35  Carrier  
  129  11:37  Cybernetics Core  
  135  11:40  Pylon  
  135  11:48  Shield Battery  
  135  11:52  Shield Battery  
  135  11:56  Mothership  
  143  12:02  Oracle  
  143  12:04  Oracle  
  143  12:06  Probe  
  150  12:18  Probe  
  151  12:33  Carrier  
  151  13:24  Pylon  
  151  13:25  Pylon  
  151  13:26  Pylon  
  151  13:27  Assimilator x2  
  151  13:28  Photon Cannon  
  151  13:29  Photon Cannon  
  151  13:30  Photon Cannon  
  151  13:32  Shield Battery  
Show
View Real Time Build Order
Export as new Build Order

PureLegacy Terran - Winner!

Build Orders:  

Get SALT Encoding   

  12  0:01  SCV  
  13  0:13  SCV  
  14  0:19  Supply Depot  
  14  0:25  SCV  
  15  0:30  Refinery  
  15  0:40  SCV  
  16  0:46  Barracks  
  16  0:52  SCV  
  17  1:07  Barracks  
  17  1:16  Barracks  
  17  1:23  SCV  
  18  1:33  Reaper  
  19  1:40  Orbital Command  
  19  1:50  Refinery  
  19  1:55  Reaper  
  19  2:00  Supply Depot  
  20  2:05  Reaper  
  21  2:08  Reaper  
  22  2:23  SCV  
  22  2:25  Supply Depot  
  22  2:27  Reaper  
  24  2:37  Reaper  
  24  2:41  SCV  
  24  2:42  Reaper  
  27  2:53  SCV  
  28  3:03  Reaper  
  29  3:09  Command Center  
  29  3:10  Reaper  
  30  3:17  Reaper  
  30  3:18  SCV  
  30  3:30  SCV  
  31  3:35  Reaper  
  32  3:54  Reaper  
  33  3:56  SCV  
  33  3:59  Barracks  
  33  4:01  Barracks  
  34  4:12  Bunker  
  31  4:21  Barracks Reactor  
  31  4:22  Barracks Tech Lab  
  31  4:24  SCV  
  31  4:25  Orbital Command  
  31  4:26  Factory  
  31  4:28  Marine  
  32  4:39  SCV  
  32  4:42  Stimpack, Marauder  
  35  4:51  Marine  
  35  4:52  Marine x2, SCV  
  38  5:03  Marine x2  
  39  5:12  Marine x2  
  38  5:31  Marine x3  
  38  5:32  Marine, Starport  
  38  5:33  Factory Reactor, SCV x2  
  44  5:36  Supply Depot  
  44  5:37  Marine  
  44  5:38  Marine  
  45  5:45  SCV  
  45  5:47  SCV  
  47  5:57  SCV  
  47  5:59  Engineering Bay, SCV  
  47  6:02  Engineering Bay  
  49  6:07  Marine x3  
  49  6:08  Marine x3  
  49  6:10  SCV  
  56  6:13  SCV  
  56  6:15  Supply Depot  
  56  6:16  Supply Depot  
  57  6:23  Medivac  
  57  6:24  Medivac  
  61  6:26  SCV  
  61  6:29  Barracks Reactor x2  
  62  6:36  Barracks Reactor, SCV  
  62  6:39  Refinery  
  63  6:40  Refinery  
  63  6:45  SCV  
  63  6:46  Terran Infantry Armor Level 1, Terran Infantry Weapons Level 1  
  64  6:52  Missile Turret  
  64  6:53  Missile Turret, SCV  
  65  6:54  Supply Depot  
  65  6:56  Missile Turret  
  65  6:58  SCV  
  66  7:05  SCV  
  67  7:11  SCV  
  67  7:12  Factory Tech Lab  
  68  7:17  Medivac x2, SCV  
  68  7:19  Marine x4  
  75  7:34  SCV  
  75  7:35  SCV  
  77  7:38  Supply Depot  
  77  7:40  Siege Tank  
  80  7:44  Marine  
  80  7:45  Marine x5  
  86  7:51  Supply Depot  
  86  7:53  Marine  
  87  8:02  Command Center  
  87  8:12  Medivac x2  
  91  8:17  Marine  
  91  8:18  Marine x5  
  85  8:21  Marine  
  85  8:23  Combat Shield  
  87  8:27  SCV  
  87  8:32  Marine x2  
  89  8:35  Marine x2  
  89  8:36  Marine x2  
  94  8:44  Marine  
  94  8:46  Marine x2  
  94  8:47  Armory  
  96  8:54  Medivac x2  
  96  8:55  Siege Tank  
  103  8:58  Marine x3  
  103  9:00  Marine  
  103  9:01  Marine  
  108  9:14  Supply Depot  
  108  9:16  Supply Depot x2  
  108  9:21  SCV x2  
  110  9:25  Marine x5  
  110  9:30  Siege Tank  
  117  9:44  Orbital Command  
  93  10:00  Marine x2  
  93  10:02  Siege Tank  
  92  10:07  Marine x3  
  92  10:08  Marine x3  
  92  10:10  Terran Infantry Weapons Level 2  
  92  10:11  Terran Infantry Armor Level 2  
  92  10:12  SCV  
  99  10:14  SCV  
  99  10:15  SCV  
  99  10:20  Sensor Tower  
  101  10:26  SCV  
  101  10:27  SCV x2  
  104  10:30  Factory  
  104  10:31  Supply Depot  
  104  10:39  SCV x3  
  107  10:44  Refinery  
  107  10:47  Refinery  
  107  10:48  Marine x5  
  107  10:49  Marine x3  
  115  10:51  SCV x3  
  115  10:54  Terran Vehicle Weapons Level 1  
  115  10:55  Marine  
  119  11:00  Supply Depot  
  119  11:03  SCV x3  
  122  11:09  Siege Tank  
  122  11:10  Medivac x2  
  129  11:34  Factory Tech Lab  
  129  11:35  Marine x2  
  129  11:36  Marine x5, Command Center  
  136  11:41  Barracks  
  136  11:43  Supply Depot, Barracks  
  136  11:47  Marine x2  
  136  11:51  Supply Depot  
  136  11:52  Siege Tank x2  
  144  11:57  SCV  
  144  11:58  SCV x2  
  136  12:17  Marine x4  
  136  12:20  Medivac x2  
  144  12:24  Siege Tank x2  
  144  12:25  Marine  
  144  12:26  Marine x2  
  149  12:35  Marine x3  
  149  12:36  Barracks Reactor  
  132  12:43  Marine x2  
  131  12:50  Medivac x2  
  133  12:56  Barracks Reactor, Siege Tank x2  
  138  13:00  Marine x5  
  138  13:01  Marine x2  
  145  13:10  Marine x2  
  147  13:18  Marine x2  
  149  13:26  Marine x2  
  151  13:28  Siege Tank x2  
Tags
 
Add a new tag
Caveats
  • Supply blocks, unpowered buildings, or Contaminate may cause inaccurate times.
  • Supply counts are checked every 10 seconds.